[ AOE2 MATCH · #474239935 ]
Team RMPersians vs Khmer
[ REPLAY ANALYSIS · EXTRACTED FROM THE RECORDED GAME ]
Feudal
11:15
Castle
21:25
Imperial
—
| APM avg | 16.2 |
| APM peak | 77 |
| eAPM avg | 10.3 |
| Villagers / military | 38 / 15 |
Focus
⚔️ 20.9% · 🌾 79.1%
Knight ×6 · Spearman ×4 · War Elephant ×3 · Monk ×2
Feudal
12:04
Castle
21:08
Imperial
—
| APM avg | 9.1 |
| APM peak | 20 |
| eAPM avg | 6.4 |
| Villagers / military | 32 / 28 |
Focus
⚔️ 25.6% · 🌾 74.4%
Archer ×28
Feudal
10:15
Castle
—
Imperial
—
| APM avg | 13.7 |
| APM peak | 34 |
| eAPM avg | 9.1 |
| Villagers / military | 74 / 74 |
Focus
⚔️ 19.5% · 🌾 80.5%
Skirmisher ×26 · Scout Cavalry ×23 · Archer ×15 · Spearman ×10
Feudal
10:16
Castle
29:47
Imperial
—
| APM avg | 16.7 |
| APM peak | 38 |
| eAPM avg | 9.6 |
| Villagers / military | 50 / 43 |
Focus
⚔️ 17.3% · 🌾 82.7%
Scout Cavalry ×18 · Skirmisher ×17 · Spearman ×8
Match map
Initial resources + every placement click. Lines = walls · curves = elevation contours. ◆ gold · ⬟ stone · ● berries · ✦ relic · ◌ wall gap
Your base· Open — unwalled flank
MrAlwaysWins's base· Open — unwalled flank
Henry_David_Throw's base· Open — unwalled flank
edbookless's base· Open — unwalled flank
Smoothed initial terrain · ◌ = detected wall gap · hover for details
Inputs per minute
— leehunt85 - - MrAlwaysWins
Build order — leehunt85
115 actions detected in the replay
| 0:09 | Build | House |
| 0:11 | Create | Villager (Male) |
| 0:12 | Create | Villager (Male) |
| 0:12 | Create | Villager (Male) |
| 0:12 | Create | Villager (Male) |
| 0:33 | Build | House |
| 1:10 | Build | House |
| 1:15 | Build | House |
| 1:20 | Build | House |
| 1:28 | Create | Villager (Male) |
| 1:47 | Create | Villager (Male) |
| 2:19 | Create | Villager (Male) |
| 2:41 | Create | Villager (Male) |
| 3:06 | Create | Villager (Male) |
| 3:16 | Create | Villager (Male) |
| 3:36 | Create | Villager (Male) |
| 4:07 | Create | Villager (Male) |
| 4:23 | Create | Villager (Male) |
| 4:33 | Build | Mill |
| 4:46 | Create | Villager (Male) |
| 4:47 | Create | Villager (Male) |
| 5:06 | Create | Villager (Male) |
| 5:30 | Build | Lumber Camp |
| 5:34 | Create | Villager (Male) |
| 5:52 | Create | Villager (Male) |
| 5:53 | Create | Villager (Male) |
| 7:06 | Create | Villager (Male) |
| 7:06 | Create | Villager (Male) |
| 7:51 | Build | Barracks |
| 9:12 | Research | Feudal Age |
| 9:14 | Research | Loom |
| 9:27 | Build | Mining Camp |
| 9:48 | Create | Villager (Male) |
| 10:26 | Create | Villager (Male) |
| 10:27 | Create | Villager (Male) |
| 10:27 | Create | Villager (Male) |
| 11:10 | Build | Farm |
| 11:15 | Age | Feudal Age |
| 11:16 | Build | Farm |
| 11:22 | Build | Farm |
| 11:26 | Build | Farm |
| 11:36 | Build | Farm |
| 11:47 | Build | Farm |
| 11:58 | Build | Archery Range |
| 12:02 | Build | Blacksmith |
| 12:28 | Build | House |
| 12:31 | Build | House |
| 12:35 | Build | House |
| 12:43 | Create | Villager (Male) |
| 12:43 | Create | Villager (Male) |
| 12:57 | Research | Padded Archer Armor |
| 12:59 | Research | Fletching |
| 13:19 | Research | Horse Collar |
| 13:31 | Build | Farm |
| 13:35 | Build | Farm |
| 13:49 | Create | Villager (Male) |
| 13:49 | Create | Villager (Male) |
| 14:04 | Build | House |
| 14:09 | Build | House |
| 14:16 | Build | House |
| 14:20 | Build | House |
| 14:25 | Build | House |
| 14:30 | Build | House |
| 14:35 | Research | Double-Bit Axe |
| 14:38 | Create | Villager (Male) |
| 14:38 | Create | Villager (Male) |
| 15:27 | Create | Villager (Male) |
| 15:28 | Create | Villager (Male) |
| 15:56 | Build | Farm |
| 15:59 | Create | Villager (Male) |
| 16:20 | Build | Farm |
| 16:26 | Build | Farm |
| 17:26 | Build | Market |
| 17:43 | Build | House |
| 18:59 | Research | Castle Age |
| 19:20 | Create | Villager (Male) |
| 20:11 | Build | Stable |
| 20:42 | Build | Mining Camp |
| 21:05 | Research | Bloodlines |
| 21:25 | Age | Castle Age |
| 21:26 | Create | Knight |
| 21:26 | Create | Knight |
| 21:27 | Create | Knight |
| 21:27 | Create | Knight |
| 21:27 | Create | Knight |
| 21:36 | Create | Villager (Male) |
| 21:54 | Create | Knight |
| 22:26 | Build | Farm |
| 22:31 | Build | Farm |
| 22:40 | Research | Husbandry |
| 23:08 | Create | Villager (Male) |
| 23:08 | Create | Villager (Male) |
| 23:19 | Build | Farm |
| 23:35 | Build | Monastery |
| 24:01 | Create | Monk |
| 25:16 | Build | Castle |
| 25:52 | Build | Castle |
| 27:19 | Create | War Elephant |
| 27:19 | Create | War Elephant |
| 27:19 | Create | War Elephant |
| 27:32 | Build | Watch Tower |
| 27:42 | Research | Leather Archer Armor |
| 27:43 | Research | Bodkin Arrow |
| 27:46 | Create | Spearman |
| 27:47 | Create | Spearman |
| 27:47 | Create | Spearman |
| 28:39 | Research | Pikeman (upgrade) |
| 28:40 | Create | Spearman |
| 29:10 | Build | University |
| 29:22 | Create | Monk |
| 29:33 | Build | Farm |
| 29:35 | Research | Squires |
| 29:51 | Research | Murder Holes |
| 29:52 | Research | Ballistics |
| 30:26 | Build | Lumber Camp |
Build order — MrAlwaysWins
118 actions detected in the replay
| 0:03 | Create | Villager (Male) |
| 0:03 | Create | Villager (Male) |
| 0:03 | Create | Villager (Male) |
| 0:03 | Create | Villager (Male) |
| 0:04 | Create | Villager (Male) |
| 0:10 | Build | House |
| 0:12 | Build | House |
| 0:14 | Build | House |
| 0:16 | Build | House |
| 1:49 | Create | Villager (Male) |
| 2:24 | Create | Villager (Male) |
| 2:24 | Create | Villager (Male) |
| 2:46 | Create | Villager (Male) |
| 2:47 | Create | Villager (Male) |
| 3:01 | Build | Lumber Camp |
| 3:08 | Create | Villager (Male) |
| 3:15 | Create | Villager (Male) |
| 3:16 | Create | Villager (Male) |
| 3:57 | Create | Villager (Male) |
| 3:57 | Create | Villager (Male) |
| 3:57 | Create | Villager (Male) |
| 3:58 | Create | Villager (Male) |
| 4:31 | Create | Villager (Male) |
| 4:31 | Create | Villager (Male) |
| 4:31 | Create | Villager (Male) |
| 5:15 | Create | Villager (Male) |
| 5:16 | Create | Villager (Male) |
| 6:04 | Create | Villager (Male) |
| 6:05 | Create | Villager (Male) |
| 6:05 | Create | Villager (Male) |
| 6:29 | Build | Mill |
| 7:13 | Create | Villager (Male) |
| 7:13 | Create | Villager (Male) |
| 7:38 | Create | Villager (Male) |
| 7:38 | Create | Villager (Male) |
| 7:41 | Create | Villager (Male) |
| 9:07 | Research | Loom |
| 9:15 | Build | Mining Camp |
| 9:32 | Research | Feudal Age |
| 9:43 | Build | Mill |
| 10:32 | Build | House |
| 10:34 | Build | House |
| 10:37 | Build | House |
| 10:57 | Build | Barracks |
| 12:04 | Age | Feudal Age |
| 12:12 | Build | Archery Range |
| 12:15 | Build | Archery Range |
| 12:33 | Build | Blacksmith |
| 12:56 | Create | Archer |
| 13:18 | Create | Villager (Male) |
| 13:19 | Create | Villager (Male) |
| 13:26 | Create | Archer |
| 13:27 | Create | Archer |
| 13:31 | Create | Archer |
| 13:32 | Create | Archer |
| 13:45 | Research | Fletching |
| 13:45 | Research | Fletching |
| 13:46 | Research | Padded Archer Armor |
| 13:59 | Create | Archer |
| 14:00 | Create | Archer |
| 14:18 | Create | Archer |
| 14:18 | Create | Archer |
| 14:45 | Create | Archer |
| 14:46 | Create | Archer |
| 14:46 | Create | Archer |
| 15:27 | Create | Archer |
| 15:50 | Build | Farm |
| 15:50 | Build | Farm |
| 15:50 | Build | Farm |
| 15:51 | Build | Farm |
| 15:51 | Build | Farm |
| 15:51 | Build | Farm |
| 15:51 | Build | Farm |
| 15:52 | Build | Farm |
| 15:52 | Build | Farm |
| 15:52 | Build | Farm |
| 15:52 | Build | Farm |
| 15:53 | Build | Farm |
| 15:53 | Build | Farm |
| 16:50 | Build | Farm |
| 16:50 | Build | Farm |
| 16:51 | Build | Farm |
| 16:51 | Build | Farm |
| 16:51 | Build | Farm |
| 16:51 | Build | Farm |
| 16:52 | Build | Farm |
| 16:52 | Build | Farm |
| 18:21 | Build | Farm |
| 18:21 | Build | Farm |
| 18:21 | Build | Farm |
| 18:21 | Build | Farm |
| 18:22 | Build | Farm |
| 18:22 | Build | Farm |
| 18:22 | Build | Farm |
| 18:28 | Research | Castle Age |
| 18:28 | Research | Castle Age |
| 21:08 | Age | Castle Age |
| 21:14 | Research | Bodkin Arrow |
| 21:18 | Research | Crossbowman (upgrade) |
| 21:21 | Research | Thumb Ring |
| 22:30 | Create | Archer |
| 22:31 | Create | Archer |
| 22:31 | Create | Archer |
| 22:36 | Create | Archer |
| 22:36 | Create | Archer |
| 22:45 | Research | Gold Mining |
| 23:21 | Research | Gold Shaft Mining |
| 23:33 | Research | Leather Archer Armor |
| 23:41 | Create | Archer |
| 24:01 | Create | Archer |
| 24:23 | Create | Archer |
| 24:28 | Create | Archer |
| 24:32 | Create | Archer |
| 24:37 | Create | Archer |
| 25:50 | Create | Archer |
| 25:50 | Create | Archer |
| 25:54 | Create | Archer |
| 25:54 | Create | Archer |
Build order — Henry_David_Throw
First 150 of 170 actions detected
| 0:06 | Build | House |
| 0:10 | Create | Villager (Male) |
| 0:10 | Create | Villager (Male) |
| 0:10 | Create | Villager (Male) |
| 0:25 | Create | Villager (Male) |
| 0:31 | Build | House |
| 1:56 | Create | Villager (Male) |
| 2:56 | Create | Villager (Male) |
| 2:56 | Create | Villager (Male) |
| 2:56 | Create | Villager (Male) |
| 2:57 | Create | Villager (Male) |
| 4:45 | Create | Villager (Male) |
| 4:45 | Create | Villager (Male) |
| 4:46 | Create | Villager (Male) |
| 4:46 | Create | Villager (Male) |
| 4:50 | Create | Villager (Male) |
| 4:59 | Build | House |
| 5:15 | Build | House |
| 5:29 | Create | Villager (Male) |
| 5:29 | Create | Villager (Male) |
| 6:01 | Build | Mill |
| 6:04 | Create | Villager (Male) |
| 6:04 | Create | Villager (Male) |
| 6:05 | Create | Villager (Male) |
| 6:05 | Create | Villager (Male) |
| 6:05 | Create | Villager (Male) |
| 7:14 | Create | Villager (Male) |
| 7:14 | Create | Villager (Male) |
| 7:15 | Create | Villager (Male) |
| 7:15 | Create | Villager (Male) |
| 7:31 | Create | Villager (Male) |
| 7:32 | Create | Villager (Male) |
| 8:03 | Research | Feudal Age |
| 8:31 | Create | Villager (Male) |
| 8:32 | Create | Villager (Male) |
| 8:32 | Create | Villager (Male) |
| 8:32 | Create | Villager (Male) |
| 8:33 | Create | Villager (Male) |
| 9:05 | Create | Villager (Male) |
| 9:05 | Create | Villager (Male) |
| 9:06 | Create | Villager (Male) |
| 10:15 | Age | Feudal Age |
| 10:20 | Research | Wheelbarrow |
| 10:22 | Research | Loom |
| 10:27 | Research | Horse Collar |
| 10:31 | Research | Double-Bit Axe |
| 10:32 | Create | Villager (Male) |
| 10:33 | Create | Villager (Male) |
| 10:33 | Create | Villager (Male) |
| 10:33 | Create | Villager (Male) |
| 10:49 | Build | House |
| 10:55 | Build | House |
| 11:29 | Create | Villager (Male) |
| 11:29 | Create | Villager (Male) |
| 11:30 | Create | Villager (Male) |
| 11:30 | Create | Villager (Male) |
| 11:30 | Create | Villager (Male) |
| 11:42 | Create | Villager (Male) |
| 12:00 | Build | Farm |
| 12:12 | Build | Palisade Wall |
| 12:20 | Build | Palisade Wall |
| 12:31 | Create | Villager (Male) |
| 12:31 | Create | Villager (Male) |
| 12:40 | Build | Farm |
| 12:44 | Build | Farm |
| 12:49 | Build | Farm |
| 13:22 | Build | Farm |
| 13:24 | Create | Villager (Male) |
| 13:34 | Build | Barracks |
| 13:41 | Build | Blacksmith |
| 13:59 | Create | Villager (Male) |
| 13:59 | Create | Villager (Male) |
| 14:07 | Build | Farm |
| 14:10 | Build | Farm |
| 14:20 | Create | Villager (Male) |
| 14:21 | Create | Villager (Male) |
| 14:47 | Build | Farm |
| 14:58 | Build | Market |
| 15:18 | Build | Farm |
| 15:21 | Build | Farm |
| 15:24 | Build | Farm |
| 15:30 | Create | Villager (Male) |
| 15:30 | Create | Villager (Male) |
| 15:30 | Create | Villager (Male) |
| 15:31 | Create | Villager (Male) |
| 15:48 | Build | Farm |
| 16:14 | Build | Farm |
| 16:30 | Build | Stable |
| 16:40 | Create | Villager (Male) |
| 16:41 | Create | Villager (Male) |
| 16:41 | Create | Villager (Male) |
| 16:41 | Create | Villager (Male) |
| 16:42 | Create | Villager (Male) |
| 16:57 | Create | Villager (Male) |
| 17:14 | Build | Farm |
| 17:26 | Build | House |
| 17:32 | Build | House |
| 17:43 | Build | Stable |
| 18:06 | Build | Archery Range |
| 18:35 | Build | Archery Range |
| 18:45 | Create | Skirmisher ×5 |
| 18:46 | Create | Skirmisher ×5 |
| 18:47 | Create | Skirmisher |
| 18:51 | Build | House |
| 18:51 | Build | House |
| 18:52 | Build | House |
| 18:52 | Build | House |
| 18:52 | Build | House |
| 19:09 | Create | Skirmisher ×2 |
| 19:39 | Create | Skirmisher |
| 19:39 | Create | Skirmisher |
| 19:39 | Create | Skirmisher |
| 19:40 | Create | Skirmisher |
| 19:40 | Create | Skirmisher |
| 20:02 | Build | House |
| 20:03 | Build | House |
| 20:03 | Build | House |
| 20:03 | Build | House |
| 20:07 | Build | Farm |
| 20:24 | Create | Skirmisher ×4 |
| 20:24 | Create | Skirmisher ×4 |
| 21:15 | Build | Mule Cart |
| 21:19 | Create | Villager (Male) |
| 21:19 | Create | Villager (Male) |
| 21:19 | Create | Villager (Male) |
| 21:20 | Create | Villager (Male) |
| 21:20 | Create | Villager (Male) |
| 21:20 | Create | Villager (Male) |
| 21:30 | Create | Scout Cavalry |
| 21:38 | Build | House |
| 21:39 | Build | House |
| 21:39 | Build | House |
| 21:44 | Build | Farm |
| 21:45 | Create | Villager (Male) |
| 21:46 | Create | Villager (Male) |
| 22:35 | Research | Bloodlines |
| 22:35 | Create | Scout Cavalry |
| 22:42 | Build | Farm |
| 22:44 | Build | Farm |
| 22:56 | Build | Farm |
| 23:00 | Create | Villager (Male) |
| 23:00 | Create | Villager (Male) |
| 23:19 | Build | Palisade Wall |
| 23:26 | Create | Scout Cavalry |
| 23:26 | Create | Scout Cavalry |
| 23:47 | Build | Farm |
| 23:50 | Build | Farm |
| 24:01 | Create | Scout Cavalry ×2 |
| 24:01 | Create | Scout Cavalry ×2 |
| 24:18 | Build | Farm |
Build order — edbookless
141 actions detected in the replay
| 0:04 | Create | Villager (Male) |
| 0:04 | Create | Villager (Male) |
| 0:06 | Build | House |
| 0:09 | Build | House |
| 0:39 | Create | Villager (Male) |
| 0:39 | Create | Villager (Male) |
| 0:39 | Create | Villager (Male) |
| 2:10 | Create | Villager (Male) |
| 2:11 | Create | Villager (Male) |
| 2:53 | Create | Villager (Male) |
| 3:56 | Create | Villager (Male) |
| 3:57 | Create | Villager (Male) |
| 3:57 | Create | Villager (Male) |
| 4:11 | Create | Villager (Male) |
| 4:37 | Create | Villager (Male) |
| 4:38 | Create | Villager (Male) |
| 5:14 | Create | Villager (Male) |
| 5:20 | Build | House |
| 5:49 | Create | Villager (Male) |
| 5:50 | Create | Villager (Male) |
| 5:50 | Create | Villager (Male) |
| 6:55 | Create | Villager (Male) |
| 6:55 | Create | Villager (Male) |
| 7:48 | Research | Feudal Age |
| 8:12 | Build | Mill |
| 9:20 | Build | House |
| 9:33 | Build | Lumber Camp |
| 10:03 | Create | Villager (Male) |
| 10:03 | Create | Villager (Male) |
| 10:04 | Create | Villager (Male) |
| 10:04 | Create | Villager (Male) |
| 10:16 | Age | Feudal Age |
| 10:24 | Research | Double-Bit Axe |
| 10:51 | Build | Mining Camp |
| 11:13 | Build | Mining Camp |
| 12:01 | Build | Farm |
| 12:04 | Build | Farm |
| 12:30 | Build | Farm |
| 12:36 | Build | Farm |
| 12:36 | Build | Farm |
| 12:36 | Build | Farm |
| 12:37 | Build | Farm |
| 12:37 | Build | Farm |
| 12:37 | Build | Farm |
| 12:38 | Build | Farm |
| 12:38 | Build | Farm |
| 12:38 | Build | Farm |
| 12:38 | Build | Farm |
| 12:39 | Build | Farm |
| 13:01 | Build | Lumber Camp |
| 13:45 | Build | House |
| 13:47 | Build | House |
| 13:48 | Create | Villager (Male) |
| 13:48 | Create | Villager (Male) |
| 13:49 | Create | Villager (Male) |
| 13:49 | Create | Villager (Male) |
| 14:04 | Build | House |
| 14:06 | Build | House |
| 14:07 | Build | House |
| 14:18 | Build | Stone Wall |
| 14:23 | Build | House |
| 14:24 | Build | House |
| 14:24 | Build | House |
| 14:26 | Build | House |
| 14:31 | Build | House |
| 14:38 | Build | Watch Tower |
| 14:59 | Build | Barracks |
| 15:18 | Build | Stable |
| 15:26 | Build | Gate |
| 15:43 | Build | House |
| 15:47 | Build | Stone Wall |
| 15:59 | Create | Villager (Male) |
| 15:59 | Create | Villager (Male) |
| 15:59 | Create | Villager (Male) |
| 16:00 | Create | Villager (Male) |
| 16:00 | Create | Villager (Male) |
| 16:00 | Create | Villager (Male) |
| 16:01 | Create | Villager (Male) |
| 16:06 | Build | Farm |
| 16:12 | Build | Farm |
| 16:35 | Research | Bloodlines |
| 16:38 | Create | Scout Cavalry |
| 16:39 | Create | Scout Cavalry |
| 16:39 | Create | Scout Cavalry |
| 16:42 | Create | Spearman |
| 16:42 | Create | Spearman |
| 16:42 | Create | Spearman |
| 17:19 | Build | Farm |
| 17:27 | Build | Farm |
| 17:27 | Build | Farm |
| 17:28 | Build | Farm |
| 17:28 | Build | Farm |
| 17:28 | Build | Farm |
| 17:28 | Build | Farm |
| 17:29 | Build | Farm |
| 17:57 | Build | Farm |
| 17:57 | Build | Farm |
| 17:59 | Build | Farm |
| 17:59 | Build | Farm |
| 19:01 | Create | Scout Cavalry ×5 |
| 19:01 | Create | Scout Cavalry ×5 |
| 19:26 | Build | Archery Range |
| 19:29 | Build | Archery Range |
| 20:06 | Create | Skirmisher ×5 |
| 20:06 | Create | Skirmisher ×5 |
| 20:06 | Create | Skirmisher ×3 |
| 20:48 | Create | Skirmisher |
| 20:49 | Create | Skirmisher |
| 20:49 | Create | Skirmisher |
| 20:49 | Create | Skirmisher |
| 21:10 | Build | Farm |
| 21:33 | Create | Villager (Male) ×3 |
| 21:33 | Create | Villager (Male) ×3 |
| 21:59 | Build | Farm |
| 22:02 | Build | Farm |
| 22:02 | Build | Farm |
| 22:02 | Build | Farm |
| 22:03 | Build | Farm |
| 22:03 | Build | Farm |
| 22:19 | Build | House |
| 22:56 | Build | Blacksmith |
| 23:03 | Build | Market |
| 23:11 | Create | Villager (Male) ×5 |
| 23:15 | Create | Villager (Male) ×4 |
| 23:50 | Build | Farm |
| 23:53 | Build | Farm |
| 23:54 | Build | Farm |
| 23:54 | Build | Farm |
| 23:54 | Build | Farm |
| 23:54 | Build | Farm |
| 23:55 | Build | Farm |
| 24:34 | Research | Horse Collar |
| 24:39 | Research | Forging |
| 24:39 | Research | Scale Mail Armor |
| 24:40 | Research | Scale Barding Armor |
| 24:48 | Research | Arson |
| 27:07 | Research | Castle Age |
| 27:35 | Create | Spearman ×5 |
| 27:39 | Create | Scout Cavalry ×5 |
| 29:47 | Age | Castle Age |
| 29:50 | Build | Castle |
Match timeline
| 7:51 | leehunt85 · first_building Barracks |
| 10:15 | Henry_David_Throw · age_up feudal |
| 10:16 | edbookless · age_up feudal |
| 10:57 | MrAlwaysWins · first_building Barracks |
| 11:15 | leehunt85 · age_up feudal |
| 11:58 | leehunt85 · first_building Archery Range |
| 12:04 | MrAlwaysWins · age_up feudal |
| 12:12 | MrAlwaysWins · first_building Archery Range |
| 12:12 | Henry_David_Throw · wall_segment Palisade Wall x1 |
| 12:20 | Henry_David_Throw · wall_segment Palisade Wall x1 |
| 13:34 | Henry_David_Throw · first_building Barracks |
| 14:18 | edbookless · wall_segment Stone Wall x1 |
| 14:59 | edbookless · first_building Barracks |
| 15:18 | edbookless · first_building Stable |
| 15:47 | edbookless · wall_segment Stone Wall x1 |
| 16:30 | Henry_David_Throw · first_building Stable |
| 18:06 | Henry_David_Throw · first_building Archery Range |
| 19:26 | edbookless · first_building Archery Range |
| 20:11 | leehunt85 · first_building Stable |
| 21:08 | MrAlwaysWins · age_up castle |
| 21:25 | leehunt85 · age_up castle |
| 23:19 | Henry_David_Throw · wall_segment Palisade Wall x3 |
| 23:35 | leehunt85 · first_building Monastery |
| 24:54 | Henry_David_Throw · wall_segment Palisade Wall x15 |
| 25:16 | leehunt85 · first_building Castle |
| 29:47 | edbookless · age_up castle |
| 29:50 | edbookless · first_building Castle |
| 30:20 | Henry_David_Throw · resign |
[ AI ANALYSIS · 1 CREDIT ]
What really happened in this match?
Wolo.gg analyzes every decision: build order, eco, micro, common mistakes by bracket. Personalized analysis on WhatsApp or Discord in 30 seconds.
Civ guide
Persians
Map guide
MegaRandom
Perfil
leehunt85